Map: Terraform LE (Void)

Players

SketchGawd - Winner!

  • Race: Zerg Zerg
  • League: Silver

SticklerMac

  • Race: Zerg Zerg
  • League: Silver

VOD

Have the link to the VOD?

Description

Time

  • Played on: Aug. 18, 2015, 12:16 a.m.
  • Length: 16:13
Show
View Real Time Build Order
Export as new Build Order

SketchGawd Zerg - Winner!

Build Orders: Pool First 

Get SALT Encoding   

  12  0:02  Drone  
  13  0:09  Drone  
  14  0:17  Extractor  
  14  0:18  Drone  
  14  0:37  Extractor, Spawning Pool  
  12  0:43  Drone  
  12  0:45  Drone  
  15  0:55  Overlord  
  15  1:16  Drone  
  16  1:32  Hatchery  
  15  1:34  Zergling x2  
  15  1:35  Zergling x2  
  15  1:39  Zergling x2  
  18  1:47  Metabolic Boost  
  18  1:51  Zergling x2  
  19  1:58  Zergling x2  
  20  2:08  Queen  
  22  2:17  Overlord  
  22  2:36  Drone x2  
  24  2:49  Overlord  
  24  2:50  Queen  
  26  2:58  Zergling x6  
  29  3:16  Drone x2  
  29  3:18  Drone x2  
  33  3:26  Baneling Nest  
  31  3:42  Zergling x4  
  31  3:43  Zergling x8  
  36  3:58  Zergling x2  
  36  3:59  Zergling x6  
  40  4:11  Baneling x2  
  40  4:12  Baneling  
  40  4:13  Overlord x3  
  30  4:44  Zergling x10  
  30  4:45  Zergling x4  
  37  4:56  Queen  
  37  4:58  Zergling x4  
  37  4:59  Zergling x10  
  45  5:09  Baneling  
  45  5:10  Baneling x2  
  45  5:17  Drone x2  
  45  5:18  Drone x2  
  31  6:01  Zergling x4  
  31  6:03  Zergling x6  
  31  6:04  Zergling x4  
  37  6:09  Baneling x2  
  37  6:10  Baneling x2  
  37  6:19  Drone  
  37  6:20  Drone x2  
  40  6:29  Hatchery  
  40  6:30  Zergling x4  
  41  6:46  Extractor  
  40  6:47  Lair  
  34  7:17  Zergling x6  
  34  7:18  Zergling x14  
  40  7:40  Evolution Chamber, Zergling x6  
  40  7:41  Zergling x6  
  45  7:44  Evolution Chamber, Queen  
  46  7:51  Drone x3  
  33  8:41  Zergling x2  
  33  8:42  Zergling x16  
  33  8:43  Zergling x6  
  45  8:55  Roach Warren  
  44  9:05  Spire  
  44  9:07  Drone x5  
  44  9:08  Drone x2  
  50  9:24  Zerg Ground Armor Level 1  
  50  9:26  Zerg Missile Weapons Level 1  
  49  10:06  Overlord x3  
  49  10:07  Overlord x2  
  49  10:18  Extractor  
  49  10:20  Extractor  
  49  10:21  Roach  
  49  10:25  Drone x2  
  49  10:26  Drone x8  
  59  10:29  Roach x2  
  59  10:30  Roach x6  
  75  10:40  Drone x3  
  75  10:41  Drone  
  79  10:44  Drone  
  79  10:46  Overlord  
  80  10:50  Overlord  
  80  11:18  Roach x7  
  90  11:19  Roach x4  
  90  11:22  Overlord  
  102  11:27  Drone x2  
  102  11:28  Drone  
  102  11:32  Zerg Missile Weapons Level 2  
  105  11:42  Overlord x2  
  105  11:54  Drone x2  
  105  11:55  Drone x6  
  113  12:04  Zerg Ground Armor Level 2  
  113  12:11  Extractor  
  113  12:14  Extractor  
  111  12:20  Overlord x3  
  111  12:27  Hatchery  
  110  12:57  Mutalisk  
  110  12:58  Mutalisk  
  97  13:53  Roach  
  97  13:54  Roach x7  
  97  13:55  Roach x12  
  101  14:32  Infestation Pit  
  101  14:38  Queen  
  100  14:40  Roach  
  100  14:41  Roach x6  
  100  14:42  Roach x7  
  130  14:47  Extractor  
  130  14:51  Extractor  
  124  15:18  Roach x4  
  124  15:19  Roach x11  
  148  15:32  Drone x3  
Show
View Real Time Build Order
Export as new Build Order

SticklerMac Zerg 

Build Orders: Pool First, Zergling Baneling 

Get SALT Encoding   

  12  0:01  Drone  
  13  0:08  Drone  
  14  0:17  Overlord  
  14  0:35  Drone x3  
  17  0:45  Spawning Pool  
  16  0:50  Drone, Extractor  
  16  1:02  Drone  
  17  1:19  Hatchery  
  17  1:21  Drone  
  17  1:25  Drone  
  18  1:32  Drone  
  19  1:40  Queen  
  19  1:44  Zergling x2  
  22  1:53  Overlord  
  22  2:08  Overlord  
  22  2:12  Drone  
  23  2:15  Metabolic Boost  
  23  2:24  Drone  
  23  2:27  Queen  
  25  2:31  Zergling x2  
  28  2:45  Zergling x6  
  28  2:51  Zergling x4  
  32  2:59  Zergling x6  
  32  3:01  Zergling x2  
  34  3:11  Zergling x2  
  35  3:15  Baneling Nest  
  34  3:24  Overlord x2  
  34  3:44  Zergling x6  
  37  3:56  Zergling x2  
  38  4:06  Baneling x5  
  38  4:07  Baneling x4  
  38  4:12  Hatchery  
  38  4:15  Zergling x2  
  30  4:36  Zergling x4  
  30  4:37  Zergling x6  
  30  4:40  Zergling x2  
  30  4:53  Baneling x2  
  30  4:54  Zergling x2  
  30  4:55  Baneling x5  
  31  5:02  Zergling x2  
  31  5:10  Zergling x2  
  32  5:21  Zergling x8  
  35  5:35  Zergling x2  
  31  5:37  Baneling x4  
  31  5:41  Baneling  
  30  5:43  Zergling x2  
  22  5:57  Zergling x2  
  22  6:02  Queen  
  22  6:03  Queen  
  27  6:09  Zergling x8  
  31  6:14  Baneling x4  
  31  6:15  Zergling x2  
  32  6:28  Zergling x2  
  32  6:29  Roach Warren  
  32  6:31  Baneling  
  32  6:33  Baneling  
  32  6:55  Zergling x2  
  32  6:56  Zergling x4  
  26  7:15  Queen  
  28  7:21  Zergling x2  
  28  7:22  Roach x3  
  32  7:26  Roach  
  34  7:40  Drone x2  
  36  7:48  Drone x3  
  36  7:50  Queen  
  41  7:56  Roach  
  41  7:57  Roach  
  43  8:09  Roach x2  
  43  8:11  Roach  
  38  8:29  Roach x2  
  38  9:03  Drone  
  38  9:05  Drone  
  40  9:17  Drone  
  41  9:18  Drone  
  41  9:24  Drone  
  43  9:37  Drone x2  
  45  9:59  Roach x3  
  51  10:04  Drone  
  51  10:06  Overlord  
  52  10:18  Overlord  
  52  10:37  Drone x6  
  52  10:39  Drone  
  52  10:42  Drone  
  60  10:50  Drone x2  
  60  10:53  Drone  
  63  10:58  Overlord  
  63  11:21  Roach x3  
  63  11:22  Roach x2  
  73  11:26  Drone x3  
  73  11:30  Overlord x2  
  76  11:56  Roach  
  76  11:59  Drone x2  
  80  12:12  Drone  
  80  12:13  Drone x7, Extractor  
  80  12:14  Drone x4, Extractor  
  90  12:26  Hatchery  
  87  12:37  Roach x2  
  91  12:47  Drone  
  91  12:48  Overlord  
  91  12:49  Overlord x4  
  92  13:19  Roach  
  98  13:20  Roach x6  
  98  13:21  Roach x2  
  98  13:26  Roach  
  89  13:52  Roach x2, Zergling x2  
  89  13:53  Roach x4  
  74  14:14  Roach  
  74  14:15  Roach x3  
  80  14:40  Zergling x10  
  84  15:01  Roach x3  
  90  15:12  Roach x2  
  72  15:19  Roach  
  39  15:35  Roach x3  
  45  15:40  Roach  
  47  15:52  Drone x3  
  47  15:53  Drone  
Tags
 
Add a new tag
Caveats
  • Supply blocks, unpowered buildings, or Contaminate may cause inaccurate times.
  • Supply counts are checked every 10 seconds.